AoeStats
← robo_boro

Nomad

513346138Analyzed
4v4 RM · 3d ago on Oct 13, 2026· 33m 27s· 8 players
Game mode
Random Map
Map size
231×231
Population
200
Speed
Normal
Resources
Standard
Victory
Conquest
Starting age
Dark Age
Ending age
Imperial Age
RankedLock teamsTeams togetherTeam positionsShared explorationLock speedFull tech treeHidden civsTurbo modeCheats
Victory
Defeat
🇦🇷 Tatars · Argentina
1994
+2
🇬🇧 Vietnamese · United Kingdom
1868
+4
1816
+5
🇨🇳 Poles · China
1564
+12
vs
🇲🇽 Malians · Mexico
1732
-12
🇦🇷 Shu · Argentina
1512
-5
🇲🇽 Hindustanis · Mexico
1450
-4
🇨🇴 Lithuanians · Colombia
1357
-2
一剑扫秋风 nelson ID2
12:55 Feudal Age
14:20 Loom
14:52 Double-Bit Axe
15:00 Gold Mining
17:22 Castle Age
15:39 Horse Collar
20:42 Wheelbarrow
20:22 Bow Saw
21:40 Hand Cart
24:41 Fletching
25:03 Scale Barding Armor
26:45 Chain Barding Armor
27:57 Forging
28:52 Bodkin Arrow
29:46 Bloodlines
29:36 Husbandry
30:11 Town Watch
31:56 Gold Shaft Mining
31:13 Stone Mining
32:34 Heavy Plow
36:24 Imperial Age
♞王通
7:16 Loom
12:03 Feudal Age
12:29 Town Watch
13:59 Fletching
27:43 Horse Collar
30:42 Double-Bit Axe
34:02 Castle Age
32:58 Wheelbarrow
_TieuQuy
12:18 Loom
15:07 Feudal Age
18:56 Castle Age
16:42 Fishing Lines
18:44 Double-Bit Axe
19:29 Gold Mining
19:55 Medium Warships
23:13 Forging
24:33 Bow Saw
27:28 Wheelbarrow
27:42 Gillnets
28:33 Fletching
29:33 Bodkin Arrow
30:47 Horse Collar
32:46 Hand Cart
robo_boro
5:28 Loom
14:05 Feudal Age
15:05 Double-Bit Axe
15:01 Fishing Lines
17:42 Castle Age
16:14 Forging
15:57 Gold Mining
18:34 Medium Warships
18:34 Bow Saw
19:36 Iron Casting
21:36 Gillnets
22:25 Wheelbarrow
24:37 Stone Mining
25:25 Hand Cart
26:35 Clinker Construction
29:33 Imperial Age
29:04 Fletching
29:14 Padded Archer Armor
29:36 Ballistics
29:37 Caravan
30:51 Heavy Warships
31:37 Bodkin Arrow
32:52 Bracer
33:58 Leather Archer Armor
33:41 Horse Collar
MooN | MooN
5:27 Loom
14:54 Feudal Age
19:31 Castle Age
17:42 Horse Collar
29:14 Double-Bit Axe
Wolobo
5:08 Loom
12:11 Feudal Age
12:37 Double-Bit Axe
12:44 Gold Mining
24:05 Castle Age
25:29 Medium Warships
26:11 Wheelbarrow
26:23 Bow Saw
25:55 Horse Collar
28:04 Scale Mail Armor
28:15 Forging
28:53 Demolition Ship
31:07 Chain Mail Armor
31:37 Iron Casting
mssguio
5:26 Loom
14:15 Feudal Age
15:14 Double-Bit Axe
20:03 Castle Age
20:57 Medium Warships
22:27 Bow Saw
24:23 Stone Mining
24:44 Gold Mining
27:41 Forging
29:14 Wheelbarrow
28:26 Town Watch
DiegoRasta
7:07 Loom
7:59 Loom
13:53 Feudal Age
20:12 Castle Age
19:26 Double-Bit Axe
21:08 Bow Saw
21:19 Fletching
23:34 Crossbowman
24:54 Bodkin Arrow
24:49 Gold Mining
25:25 Horse Collar
26:40 Padded Archer Armor
26:31 Gold Mining
32:02 Wheelbarrow
Connection lost

Rejoining the realm…

Still unreachable

The connection could not be restored.

Session expired

The server has moved on; the page needs a fresh start.